[Event "France Jeunes Belfort 2017"]
[Site "Belfort"]
[Date "2017.04.21"]
[Round "8.1"]
[White "Vernet, Solene"]
[Black "Haussernot, Cécile"]
[Result "0-1"]
[ECO "A46"]
[WhiteElo "1863"]
[BlackElo "2107"]
[PlyCount "74"]
[EventDate "2017.??.??"]
[TimeControl "6000+1295"]
[WhiteClock "0:10:12"]
[BlackClock "0:28:13"]

1. d4 Nf6 2. Nf3 e6 3. g3 c5 4. Bg2 Nc6 5. O-O cxd4 6. Nxd4 Bc5 7. Nb3 Bb6 8.
c4 a5 9. a4 d5 10. Na3 O-O 11. Bg5 Nb4 12. cxd5 exd5 13. Nc2 Nxc2 14. Qxc2 h6
15. Bf4 Be6 16. Rfd1 Rc8 17. Qd3 Qd7 18. Nd4 Bh3 19. Nb5 Bf5 20. Qb3 Bc2 21.
Qf3 Bxd1 22. Rxd1 Qe6 23. Qd3 Rfd8 24. Rc1 Ne4 25. Nd4 Qf6 26. Rxc8 Rxc8 27.
Be3 Bxd4 28. Bxd4 Rc1+ 29. Bf1 Qe6 30. Be3 Ra1 31. Kg2 Rxa4 32. Qb5 Rb4 33.
Qxa5 Rxb2 34. Bd4 Rb1 35. e3 Qf5 36. f3 Ng5 37. Be2 Qh3+ 0-1

[Event "France Jeunes Belfort 2017"]
[Site "Belfort"]
[Date "2017.04.22"]
[Round "8.2"]
[White "Afraoui, Anaelle"]
[Black "Bartels, Karina"]
[Result "1/2-1/2"]
[ECO "C00"]
[WhiteElo "1977"]
[BlackElo "1759"]
[PlyCount "126"]
[EventDate "2017.??.??"]
[TimeControl "6000+1485"]
[WhiteClock "0:01:16"]
[BlackClock "0:01:40"]

1. e4 e6 2. d4 a6 3. Bd3 b5 4. Nf3 Bb7 5. O-O Nf6 6. Qe2 c5 7. c3 Nc6 8. Nbd2
cxd4 9. Nxd4 Bc5 10. N2b3 Bb6 11. Bg5 Qc7 12. Rfe1 d6 13. a4 bxa4 14. Rxa4 Ne5
15. Bxa6 Bxa6 16. Rxa6 Ke7 17. Rea1 Rxa6 18. Rxa6 Nc4 19. Ra4 Rc8 20. Ra2 Qb7
21. h3 h6 22. Bxf6+ gxf6 23. Ra1 Bxd4 24. Nxd4 Qxb2 25. Ra7+ Ke8 26. Qd1 Qxc3
27. Nb5 Qe5 28. Qa4 Kf8 29. g3 Qc5 30. Nd4 Nb6 31. Qd1 Qc1 32. Qxc1 Rxc1+ 33.
Kg2 Rc4 34. Nb5 Rc6 35. Ra6 Ke7 36. Kf3 e5 37. Kg4 Ke6 38. Ra7 d5 39. Nc7+ Kd6
40. Nxd5 Nxd5 41. exd5 Kxd5 42. Rxf7 Ke6 43. Rh7 Rc2 44. Kf3 Rc3+ 45. Kg2 e4
46. Rxh6 e3 47. fxe3 Rxe3 48. Rh5 f5 49. Rh4 Kf6 50. Rf4 Kg5 51. h4+ Kg6 52.
Kf2 Ra3 53. Rb4 Kh5 54. Rb8 f4 55. Rb5+ Kg4 56. Rg5+ Kh3 57. gxf4 Kxh4 58. Rg8
Rb3 59. Ke2 Ra3 60. f5 Ra5 61. f6 Rf5 62. Rf8 Kg5 63. f7 Kg6 1/2-1/2

[Event "France Jeunes Belfort 2017"]
[Site "Belfort"]
[Date "2017.04.22"]
[Round "8.2"]
[White "Aubert, Estee"]
[Black "Djidjeli, Sarah"]
[Result "1-0"]
[ECO "D00"]
[WhiteElo "1741"]
[BlackElo "1934"]
[PlyCount "105"]
[EventDate "2017.??.??"]
[TimeControl "6000+700"]
[WhiteClock "0:04:02"]
[BlackClock "0:23:32"]

1. d4 d5 2. Bf4 c5 3. e3 Nc6 4. c3 Qb6 5. Na3 c4 6. Qc1 Bf5 7. Nf3 h6 8. Be2
Nf6 9. h3 e6 10. Nc2 Be7 11. Bh2 Qa5 12. O-O O-O 13. Nce1 b5 14. b4 Qb6 15. a4
a5 16. axb5 Qxb5 17. bxa5 Nxa5 18. Nd2 Qb7 19. Nef3 Nb3 20. Qb2 Ne4 21. Nxe4
Bxe4 22. Nd2 Bg6 23. e4 Ba3 24. Rxa3 Rxa3 25. Bd6 Ra7 26. Bxf8 Nxd2 27. Qxd2
Kxf8 28. exd5 exd5 29. Bf3 Ra6 30. Re1 f6 31. Qe2 Rb6 32. Kh2 Bf7 33. g3 Rb3
34. Qe3 Qa7 35. Bxd5 g5 36. Bxc4 Rb7 37. Bxf7 Rxf7 38. c4 Qc7 39. c5 h5 40. Kg2
h4 41. Qe4 hxg3 42. fxg3 Qa5 43. Re2 Kg8 44. c6 Qb6 45. d5 f5 46. Qe8+ Kg7 47.
Qe5+ Kg8 48. Rb2 Qc5 49. Rb8+ Rf8 50. Qe6+ Kg7 51. Rb7+ Kh8 52. Qe5+ Kg8 53.
Qg7# 1-0

[Event "France Jeunes Belfort 2017"]
[Site "Belfort"]
[Date "2017.04.21"]
[Round "8.2"]
[White "Bureau-Leroyer, Lola"]
[Black "Saliou, Sarah"]
[Result "1-0"]
[ECO "B34"]
[WhiteElo "1635"]
[BlackElo "1684"]
[PlyCount "83"]
[EventDate "2017.??.??"]
[TimeControl "6000+1555"]
[WhiteClock "0:02:00"]
[BlackClock "0:01:25"]

1. e4 c5 2. Nf3 Nc6 3. d4 cxd4 4. Nxd4 g6 5. Nc3 Bg7 6. Nb3 Nf6 7. Be2 O-O 8.
O-O d6 9. Re1 Bd7 10. Bf1 Rc8 11. Bg5 Ne8 12. Rb1 Nc7 13. Nd5 Ne6 14. Bh4 Re8
15. c3 Nc7 16. h3 Be6 17. Rc1 Qd7 18. Rc2 f5 19. Nxc7 Qxc7 20. exf5 Bxf5 21.
Bc4+ Kh8 22. Rd2 a6 23. Bd3 Bxd3 24. Rxd3 Ne5 25. Rde3 Nc6 26. Nd4 e5 27. Nxc6
bxc6 28. f4 Qd7 29. fxe5 Re6 30. exd6 Rxd6 31. Qe2 Bf6 32. Bxf6+ Rxf6 33. Qxa6
Rcf8 34. Re5 Qd2 35. Qe2 Qf4 36. Re7 Qh4 37. Re8 Qa4 38. Qe5 Qa7+ 39. Kh1 Qf7
40. Rxf8+ Qxf8 41. Rf1 Kg7 42. Qxf6+ 1-0

[Event "France Jeunes Belfort 2017"]
[Site "Belfort"]
[Date "2017.04.22"]
[Round "8.2"]
[White "Degraeve, Remy"]
[Black "David, Bogdan-Emanuel"]
[Result "1-0"]
[ECO "B24"]
[WhiteElo "2126"]
[BlackElo "2099"]
[PlyCount "39"]
[EventDate "2017.??.??"]
[TimeControl "6000+1130"]
[WhiteClock "1:07:26"]
[BlackClock "0:11:54"]

1. e4 c5 2. Nc3 Nc6 3. Bb5 Nd4 4. Bc4 g6 5. Nf3 Bg7 6. Nxd4 cxd4 7. Qf3 Nh6 8.
Ne2 O-O 9. d3 Ng4 10. Bb3 d6 11. Qg3 Bd7 12. h4 a5 13. a4 Qb6 14. h5 Rfc8 15.
hxg6 hxg6 16. Qh4 Kf8 17. Bg5 Qb4+ 18. Kf1 f6 19. Nf4 fxg5 20. Nxg6+ 1-0

[Event "France Jeunes Belfort 2017"]
[Site "Belfort"]
[Date "2017.04.22"]
[Round "8.2"]
[White "Laurent-Paoli, Pierre"]
[Black "Flick, Antoine"]
[Result "0-1"]
[ECO "A11"]
[WhiteElo "2298"]
[BlackElo "2327"]
[PlyCount "112"]
[EventDate "2017.??.??"]
[TimeControl "6000+1750"]
[WhiteClock "0:01:23"]
[BlackClock "0:02:14"]

1. c4 c6 2. Nf3 d5 3. e3 Bf5 4. Qb3 Qc7 5. cxd5 cxd5 6. Nc3 e6 7. Nd4 Bg6 8.
Qa4+ Nd7 9. b3 Ngf6 10. Ndb5 Qb8 11. Qh4 a6 12. Nd4 Be7 13. Bb2 Nc5 14. Qg3 e5
15. Nf3 Bd6 16. Qh4 Nd3+ 17. Bxd3 Bxd3 18. Rc1 O-O 19. Ne2 a5 20. a3 Re8 21.
Rc3 Ba6 22. d4 exd4 23. Qxd4 Qd8 24. Qd1 Qb6 25. Nfd4 Rad8 26. Rc2 Bb8 27. O-O
Qd6 28. g3 Qd7 29. Kg2 Ne4 30. Nf3 Qe6 31. Bd4 Qh6 32. Re1 Bb5 33. Nc3 Bd7 34.
Ng1 Bf5 35. Rce2 Ng5 36. h4 Ne4 37. Rb2 Qg6 38. Nce2 Bd6 39. b4 axb4 40. axb4
Ra8 41. Nf4 Bxf4 42. exf4 Bg4 43. Qb3 Be6 44. Qf3 h5 45. Kh2 Rec8 46. Qe3 Rc4
47. Nf3 Qf5 48. Ne5 Rcc8 49. Nd3 Ra3 50. Rd1 Qg4 51. Rbb1 Rc2 52. f5 Bxf5 53.
Rf1 Nd2 54. Qe8+ Kh7 55. Nf4 Nf3+ 56. Kh1 Qxg3 0-1

[Event "France Jeunes Belfort 2017"]
[Site "Belfort"]
[Date "2017.04.22"]
[Round "8.2"]
[White "Popov, Konstantin"]
[Black "Nguyen-Cadoret, Nathan"]
[Result "1-0"]
[ECO "C84"]
[WhiteElo "2026"]
[BlackElo "1930"]
[PlyCount "93"]
[EventDate "2017.??.??"]
[TimeControl "6000+965"]
[WhiteClock "0:04:27"]
[BlackClock "0:11:50"]

1. e4 e5 2. Nf3 Nc6 3. Bb5 a6 4. Ba4 Nf6 5. O-O Be7 6. d3 b5 7. Bb3 d6 8. a4
Bb7 9. Nbd2 O-O 10. Re1 Na5 11. Ba2 bxa4 12. Bb1 c5 13. Rxa4 Bc6 14. Ra1 Qc7
15. Ba2 h6 16. Nf1 Bd7 17. Ne3 Rfb8 18. Nh4 Bf8 19. Qf3 Be6 20. Nhf5 Qd8 21.
Qg3 Kh7 22. f4 Nh5 23. Qg4 Nxf4 24. g3 Ng6 25. Rf1 Nc6 26. h4 Nge7 27. h5 d5
28. exd5 Nxd5 29. Qe4 Rb4 30. Nd4+ f5 31. Nxe6 fxe4 32. Nxd8 Nxe3 33. Nxc6 Nxf1
34. Kxf1 Rb6 35. Nxe5 Rf6+ 36. Bf4 Bd6 37. Nd7 Rf5 38. dxe4 Rxh5 39. Kg2 Be7
40. Bf7 g6 41. Ne5 Kg7 42. Bd5 Rf8 43. g4 Rxf4 44. gxh5 gxh5 45. Rxa6 Bf6 46.
Ra7+ Kf8 47. Ng6+ 1-0

[Event "France Jeunes Belfort 2017"]
[Site "Belfort"]
[Date "2017.04.22"]
[Round "8.2"]
[White "Rollot, Florence"]
[Black "Imperor, Amelie"]
[Result "1-0"]
[ECO "A30"]
[WhiteElo "1973"]
[BlackElo "1820"]
[PlyCount "123"]
[EventDate "2017.??.??"]
[TimeControl "6000+1185"]
[WhiteClock "0:01:38"]
[BlackClock "0:01:52"]

1. c4 c5 2. g3 Nc6 3. Bg2 e5 4. Nc3 g6 5. Nf3 Bg7 6. O-O Nge7 7. Ne1 d6 8. Nc2
Be6 9. Ne3 O-O 10. d3 Rb8 11. Ned5 a6 12. a4 Bxd5 13. Nxd5 Nxd5 14. Bxd5 Ne7
15. Bg2 d5 16. Bg5 d4 17. Qc2 f5 18. Qd2 Bf6 19. Bh6 Bg7 20. Bxg7 Kxg7 21. b4
b6 22. Rfb1 Qc7 23. Rb2 Nc6 24. Bxc6 Qxc6 25. b5 axb5 26. axb5 Qb7 27. Rba2 Ra8
28. Qg5 h6 29. Qd2 g5 30. Ra6 f4 31. Qa2 fxg3 32. hxg3 Rxa6 33. bxa6 Qf7 34.
Rf1 Ra8 35. Qa4 h5 36. Qb5 Qa7 37. Ra1 Qc7 38. Rb1 Rb8 39. Ra1 Ra8 40. Rb1 Rb8
41. Kg2 g4 42. Rh1 Qf7 43. Qc6 Rf8 44. Qb7 Qxb7+ 45. axb7 Rb8 46. Rxh5 Rxb7 47.
Rxe5 Kf6 48. Rd5 Rb8 49. Rd6+ Ke5 50. Rc6 Kf5 51. f3 Re8 52. Kf2 gxf3 53. exf3
Re3 54. Rxb6 Rxd3 55. Rc6 Rd2+ 56. Ke1 Ra2 57. Rxc5+ Ke6 58. Rd5 Ra3 59. Ke2
Ra2+ 60. Kd3 Ra3+ 61. Ke4 Ra8 62. Kxd4 1-0

[Event "France Jeunes Belfort 2017"]
[Site "Belfort"]
[Date "2017.04.22"]
[Round "8.2"]
[White "Sumarriva Paulin, Laura"]
[Black "Favarel-Lubeigt, Helina"]
[Result "1/2-1/2"]
[ECO "D80"]
[WhiteElo "1521"]
[BlackElo "1537"]
[PlyCount "71"]
[EventDate "2017.??.??"]
[TimeControl "6000+670"]
[WhiteClock "0:10:13"]
[BlackClock "0:29:11"]

1. d4 Nf6 2. c4 g6 3. Nc3 d5 4. Bg5 Bg7 5. Bxf6 Bxf6 6. Nxd5 Bg7 7. e3 c6 8.
Nc3 c5 9. Nf3 Nc6 10. d5 Ne5 11. Nxe5 Bxe5 12. Qd2 b6 13. Bd3 Bb7 14. Rc1 O-O
15. O-O Qd6 16. f4 Bg7 17. a3 Rad8 18. Nb5 Qd7 19. e4 a6 20. Nc3 Bh6 21. Qf2 e5
22. Ne2 exf4 23. Qh4 Bg7 24. Rc2 Qd6 25. Qxf4 Be5 26. Qh6 Bg7 27. Qh3 Bc8 28.
Qf3 Rde8 29. Nc3 Re5 30. Nb1 Rh5 31. g3 Bd4+ 32. Kh1 Rh3 33. Re1 Be5 34. Bf1
Rh5 35. Kg1 Rg5 36. Kh1 1/2-1/2

[Event "France Jeunes Belfort 2017"]
[Site "Belfort"]
[Date "2017.04.22"]
[Round "8.2"]
[White "Viel, Simon"]
[Black "Coiffait, Pierre-Basile"]
[Result "0-1"]
[ECO "B11"]
[WhiteElo "2220"]
[BlackElo "2193"]
[PlyCount "144"]
[EventDate "2017.??.??"]
[TimeControl "6000+760"]
[WhiteClock "0:03:43"]
[BlackClock "0:04:11"]

1. e4 c6 2. Nc3 d5 3. Nf3 Bg4 4. h3 Bxf3 5. Qxf3 e6 6. g3 Nf6 7. Bg2 Nbd7 8. d4
Nb6 9. O-O Be7 10. Bg5 O-O 11. Rad1 Rc8 12. Qd3 Nc4 13. Rb1 h6 14. Bxf6 Bxf6
15. f4 b5 16. e5 Be7 17. b3 Na3 18. Rbd1 c5 19. Ne2 c4 20. Qf3 Nxc2 21. f5 exf5
22. Nf4 Nb4 23. a3 Nd3 24. Nxd5 Bxa3 25. Qxf5 Qg5 26. Qxg5 hxg5 27. bxc4 bxc4
28. Ra1 Bb2 29. Ne7+ Kh8 30. Ra4 Bxd4+ 31. Kh2 Rce8 32. Nc6 Bb6 33. Rxc4 Nxe5
34. Re4 Nxc6 35. Rxe8 Rxe8 36. Bxc6 Re2+ 37. Bg2 Kg8 38. Rc1 g6 39. Rc4 Kg7 40.
h4 gxh4 41. Rxh4 a5 42. Kh3 Bc5 43. Rc4 Bb4 44. Bd5 Rd2 45. Bc6 Rd3 46. Rf4 Bd6
47. Rf3 Rxf3 48. Bxf3 f5 49. Bd1 Kf6 50. Kg2 g5 51. Kf3 Ke5 52. Bc2 f4 53.
gxf4+ gxf4 54. Ba4 Kd4 55. Ke2 Kc3 56. Bc6 Kb4 57. Kd3 Bc5 58. Ke4 Be3 59. Kd3
a4 60. Bd5 a3 61. Bf7 Kc5 62. Be6 Kb4 63. Bd5 Bf2 64. Bf7 Bg3 65. Kc2 f3 66.
Bh5 f2 67. Be2 Be5 68. Kb1 Kb3 69. Bd1+ Kc3 70. Be2 Kd2 71. Ba6 Ke1 72. Ka2 Bd6
0-1

[Event "France Jeunes Belfort 2017"]
[Site "Belfort"]
[Date "2017.04.22"]
[Round "8.3"]
[White "Amr-Tardif, Corail"]
[Black "Pentcheff, Laura"]
[Result "1-0"]
[ECO "B07"]
[WhiteElo "1474"]
[BlackElo "1366"]
[PlyCount "119"]
[EventDate "2017.??.??"]
[TimeControl "6000+1275"]
[WhiteClock "0:13:31"]
[BlackClock "0:19:43"]

1. e4 d6 2. d4 Nf6 3. Nc3 g6 4. Bg5 Bg7 5. f4 O-O 6. Nf3 c6 7. Be2 b5 8. a3 Bb7
9. O-O a5 10. Bd3 Nbd7 11. Qd2 Re8 12. e5 dxe5 13. fxe5 b4 14. Ne4 Nd5 15. Nd6
Qb6 16. Nxe8 Nxe5 17. Nxg7 Nxf3+ 18. gxf3 Qxd4+ 19. Kg2 Kxg7 20. axb4 axb4 21.
Rxa8 Bxa8 22. b3 c5 23. Re1 Nf6 24. Rxe7 Qg4+ 25. Kf1 Qxf3+ 26. Qf2 Ng4 27.
Qxf3 Nxh2+ 28. Kf2 Nxf3 29. Be3 Kf6 30. Re8 Bc6 31. Rc8 Bb7 32. Rc7 Ba8 33.
Bxc5 h5 34. Ke3 Nh2 35. Bxb4 Ke6 36. Bc4+ Bd5 37. Bxd5+ Kxd5 38. Rxf7 Ke6 39.
Rf8 Ng4+ 40. Ke2 Ne5 41. Re8+ Kf5 42. Rxe5+ Kxe5 43. Kf3 g5 44. Be1 g4+ 45. Kg3
Kd5 46. Kh4 Ke4 47. c4 Kd4 48. Kxh5 g3 49. Bxg3 Kc5 50. Kg5 Kb4 51. Bf2 Kc3 52.
c5 Kb4 53. c6 Kb5 54. c7 Ka5 55. Bb6+ Kb5 56. c8=Q Kb4 57. Qc4+ Ka3 58. Bc5+
Kb2 59. Bd4+ Ka3 60. Qa4# 1-0

[Event "France Jeunes Belfort 2017"]
[Site "Belfort"]
[Date "2017.04.22"]
[Round "8.3"]
[White "Georges, Lisa"]
[Black "Lomandong, Noela-Joyce"]
[Result "0-1"]
[ECO "B75"]
[WhiteElo "1704"]
[BlackElo "1987"]
[PlyCount "130"]
[EventDate "2017.??.??"]
[TimeControl "6000+805"]
[WhiteClock "0:03:21"]
[BlackClock "0:01:51"]

1. e4 c5 2. Nf3 d6 3. d4 cxd4 4. Nxd4 Nf6 5. Nc3 g6 6. Be3 Bg7 7. f3 Nc6 8. Bc4
Bd7 9. Qd2 Ne5 10. Bb3 h5 11. O-O-O Rc8 12. h3 Qa5 13. f4 Nc4 14. Bxc4 Rxc4 15.
Nb3 Qc7 16. Bd4 e5 17. Bf2 Rxc3 18. Qxc3 Qxc3 19. bxc3 Nxe4 20. Bxa7 Bh6 21.
Kb2 Bxf4 22. Rhe1 f5 23. c4 Bg3 24. Re2 Bc6 25. Nd2 Ke7 26. Nxe4 Bxe4 27. Bb6
Rc8 28. Kb3 Bf4 29. Rg1 Ke6 30. Be3 g5 31. Bb6 Bg3 32. Be3 Bf4 33. Bb6 Rc6 34.
Bf2 h4 35. Be1 Rb6+ 36. Kc3 d5 37. cxd5+ Bxd5 38. Bd2 Rc6+ 39. Kb2 Rb6+ 40. Kc3
Rc6+ 41. Kb2 Ra6 42. a3 Rb6+ 43. Kc3 Rc6+ 44. Kb2 e4 45. Rd1 Be5+ 46. c3 f4 47.
Rde1 Kf5 48. Rc1 Rb6+ 49. Ka1 Rb3 50. Rc2 Rxa3+ 51. Kb2 Rb3+ 52. Kc1 Bc4 53.
Re1 e3 54. Bxe3 fxe3 55. Rxe3 Bf4 56. Kd2 Bf1 57. Ke1 Rb1+ 58. Kf2 Bc4 59. Ree2
Bxe2 60. Kxe2 Be5 61. c4 Rb3 62. c5 Rg3 63. Kf1 Rc3 64. Rb2 Rc1+ 65. Ke2 Bxb2
0-1

[Event "France Jeunes Belfort 2017"]
[Site "Belfort"]
[Date "2017.04.22"]
[Round "8.3"]
[White "Kambrath, Yannick"]
[Black "Jrade, Willis"]
[Result "1-0"]
[ECO "A50"]
[WhiteElo "2341"]
[BlackElo "2113"]
[PlyCount "89"]
[EventDate "2017.??.??"]
[TimeControl "6000+735"]
[WhiteClock "0:19:00"]
[BlackClock "0:11:30"]

1. d4 Nf6 2. c4 g6 3. d5 e5 4. Nc3 Bc5 5. e4 d6 6. Be2 c6 7. Nf3 Bg4 8. O-O
Nbd7 9. Rb1 a5 10. Bh6 Nh5 11. Na4 cxd5 12. Nxc5 Nxc5 13. cxd5 f6 14. g3 Rg8
15. Nd2 Bxe2 16. Qxe2 Qb6 17. Be3 Ng7 18. Rfc1 Qa6 19. Qxa6 Nxa6 20. Nc4 Nb4
21. a3 Na2 22. Rd1 b5 23. Nb6 Rb8 24. Ra1 f5 25. f3 Rf8 26. Kg2 Rf7 27. Rxa2
Rfb7 28. Rc1 Rxb6 29. Bxb6 Rxb6 30. Rc7 Kf8 31. b4 Ne8 32. Ra7 axb4 33. axb4
Nf6 34. Rc7 Rb8 35. Raa7 Kg8 36. Rg7+ Kh8 37. Rgf7 Nh5 38. exf5 Rc8 39. Rxh7+
Kg8 40. fxg6 e4 41. Rxh5 e3 42. Re7 Rc2+ 43. Kh3 e2 44. g7 e1=Q 45. Rh8# 1-0

[Event "France Jeunes Belfort 2017"]
[Site "Belfort"]
[Date "2017.04.22"]
[Round "8.3"]
[White "Mata, Maria"]
[Black "Leriche, Ines"]
[Result "0-1"]
[ECO "B10"]
[WhiteElo "1717"]
[BlackElo "2037"]
[PlyCount "74"]
[EventDate "2017.??.??"]
[TimeControl "6000+1255"]
[WhiteClock "0:01:04"]
[BlackClock "0:17:36"]

1. e4 c6 2. Nc3 d5 3. Nf3 Nf6 4. Qe2 d4 5. Nb1 Bg4 6. d3 Nbd7 7. Nbd2 e5 8. h3
Bxf3 9. Nxf3 Bb4+ 10. Nd2 O-O 11. g3 Qc7 12. Bg2 b5 13. O-O c5 14. f4 Rac8 15.
Nf3 Nh5 16. Nxe5 Nxg3 17. Qg4 Nxf1 18. Nxd7 f5 19. Qe2 Qxd7 20. Qxf1 c4 21. e5
Rc7 22. a3 Ba5 23. b4 cxb3 24. cxb3 Rc2 25. b4 Bb6 26. Rb1 Rfc8 27. Qd1 Qf7 28.
Qf1 Qa2 29. Bb2 Rxb2 30. Bd5+ Qxd5 31. Rxb2 Qc6 32. Kh2 Qc1 33. Qxc1 Rxc1 34.
Rb3 Rc3 35. Rb2 Rxd3 36. a4 bxa4 37. Ra2 a3 0-1

[Event "France Jeunes Belfort 2017"]
[Site "Belfort"]
[Date "2017.04.22"]
[Round "8.3"]
[White "Mohammad, Fahim"]
[Black "Bressy, Theo"]
[Result "0-1"]
[ECO "A04"]
[WhiteElo "2281"]
[BlackElo "2039"]
[PlyCount "128"]
[EventDate "2017.??.??"]
[TimeControl "6000+825"]
[WhiteClock "0:01:19"]
[BlackClock "0:03:02"]

1. Nf3 g6 2. g3 Bg7 3. Bg2 e5 4. d3 Ne7 5. O-O O-O 6. c4 d6 7. Nc3 f5 8. Qc2
Nd7 9. Rb1 Nf6 10. b4 h6 11. Bb2 g5 12. c5 Ng6 13. cxd6 cxd6 14. Qb3+ Kh8 15.
Nd2 Rb8 16. Rbc1 b5 17. a4 a6 18. axb5 axb5 19. Qa2 Bb7 20. e4 Qd7 21. exf5
Bxg2 22. Kxg2 Qxf5 23. Nce4 Qd7 24. Qa6 d5 25. Nc5 Qg4 26. f3 Qxb4 27. Ndb3 Ra8
28. Qb7 Ra2 29. Rf2 g4 30. f4 Rxb2 31. Rxb2 exf4 32. Ne6 f3+ 33. Kf1 Rg8 34.
Rc8 Ne7 35. Rxg8+ Kxg8 36. Qb8+ Kf7 37. Qe5 Ng6 38. Qc7+ Ne7 39. Nxg7 Kxg7 40.
Qc5 Qxc5 41. Nxc5 Kg6 42. Rxb5 Kf5 43. Rb6 Ng6 44. Kf2 Ne5 45. Ke3 h5 46. Rd6
Nf7 47. Ra6 Ke5 48. Ne6 d4+ 49. Kf2 Nd5 50. Nc5 Nb4 51. Rb6 Kd5 52. Rxb4 Kxc5
53. Rc4+ Kd5 54. Ra4 Ne5 55. Ra5+ Kd6 56. Ra6+ Kd5 57. Ra5+ Kd6 58. Ke1 Nxd3+
59. Kd2 Nc5 60. Ra8 Kd5 61. Rh8 Kc4 62. Rxh5 Ne4+ 63. Kc2 d3+ 64. Kd1 Kd4 0-1

[Event "France Jeunes Belfort 2017"]
[Site "Belfort"]
[Date "2017.04.22"]
[Round "8.3"]
[White "Papadiamandis, Elliot"]
[Black "Emmenecker, Pierre-Antoine"]
[Result "1/2-1/2"]
[ECO "C55"]
[WhiteElo "1944"]
[BlackElo "1737"]
[PlyCount "103"]
[EventDate "2017.??.??"]
[TimeControl "6000+945"]
[WhiteClock "0:00:33"]
[BlackClock "0:04:14"]

1. e4 e5 2. Nf3 Nc6 3. Bc4 Nf6 4. d3 h6 5. c3 d6 6. Bb3 g6 7. Nbd2 Bg7 8. O-O
O-O 9. Re1 Re8 10. Nf1 Be6 11. Ng3 a5 12. h3 Bxb3 13. Qxb3 a4 14. Qd1 d5 15.
Qe2 Qd7 16. Nh2 b5 17. Qf3 Kh7 18. Ng4 Nxg4 19. hxg4 d4 20. Ne2 Re7 21. g3 Rd8
22. Rd1 Qe6 23. Kg2 Red7 24. g5 h5 25. Bd2 Bf8 26. Rac1 Be7 27. c4 b4 28. Rh1
Kg7 29. Rh4 Rh8 30. Ng1 Rdd8 31. Qd1 Ra8 32. f4 Bc5 33. Qf3 f5 34. gxf6+ Qxf6
35. fxe5 Nxe5 36. Qe2 Raf8 37. Rf4 Qe6 38. Nh3 Be7 39. Rcf1 Rf6 40. Rxf6 Bxf6
41. Bxb4 Qb6 42. a3 Ng4 43. Rf3 c5 44. Bd2 Ne5 45. Rf1 Qb3 46. Nf4 Re8 47. Nd5
Re6 48. Nf4 Re8 49. Qf2 Ng4 50. Qe2 Ne5 51. Qf2 Ng4 52. Qe2 1/2-1/2

[Event "France Jeunes Belfort 2017"]
[Site "Belfort"]
[Date "2017.04.22"]
[Round "8.3"]
[White "Poulet, Benoit"]
[Black "Cohen Revivo, Shoham"]
[Result "0-1"]
[ECO "C11"]
[WhiteElo "1837"]
[BlackElo "2221"]
[PlyCount "98"]
[EventDate "2017.??.??"]
[TimeControl "6000+935"]
[WhiteClock "0:16:44"]
[BlackClock "0:48:16"]

1. e4 e6 2. d4 d5 3. Nc3 Nf6 4. Bg5 dxe4 5. Nxe4 Be7 6. Bxf6 gxf6 7. Nf3 f5 8.
Nc3 a6 9. Qd2 Qd6 10. Bc4 b5 11. Bb3 Nd7 12. O-O-O c5 13. dxc5 Qxd2+ 14. Rxd2
Nxc5 15. Rf1 Bb7 16. Ne1 Bf6 17. Ne2 Rc8 18. Kb1 Ke7 19. f3 a5 20. c3 Rhd8 21.
Rxd8 Rxd8 22. Bc2 b4 23. cxb4 axb4 24. Rf2 Ba6 25. Nc1 f4 26. g3 h5 27. Ng2
fxg3 28. hxg3 Rg8 29. Nf4 Rxg3 30. Nxh5 Rg1 31. Nxf6 Nd3 32. Ng8+ Kf8 33. Bxd3
Bxd3+ 34. Rc2 Kxg8 35. b3 Kg7 36. Kb2 Bxc2 37. Kxc2 Rg2+ 38. Kd3 Kf6 39. Ke3
Rc2 40. Nd3 Rxa2 41. Nxb4 Rb2 42. Nd3 Rxb3 43. Ke2 Kf5 44. Ke3 Rxd3+ 45. Kxd3
Kf4 46. Ke2 f5 47. Kf2 e5 48. Kg2 Ke3 49. Kg3 f4+ 0-1

[Event "France Jeunes Belfort 2017"]
[Site "Belfort"]
[Date "2017.04.22"]
[Round "8.3"]
[White "Trouve, Guillaume"]
[Black "Gatineau, Yovann"]
[Result "0-1"]
[ECO "B40"]
[WhiteElo "2134"]
[BlackElo "2214"]
[PlyCount "54"]
[EventDate "2017.??.??"]
[TimeControl "6000+930"]
[WhiteClock "0:01:20"]
[BlackClock "0:23:53"]

1. e4 c5 2. Nf3 e6 3. d4 cxd4 4. Nxd4 Nf6 5. Nc3 Nc6 6. Ndb5 Bb4 7. a3 Bxc3+ 8.
Nxc3 d5 9. exd5 exd5 10. Bg5 d4 11. Qe2+ Be6 12. O-O-O Qa5 13. Bxf6 gxf6 14.
Ne4 O-O-O 15. Qb5 Qc7 16. Kb1 Rd5 17. Qd3 Rhd8 18. Qg3 Ne5 19. Nxf6 Ra5 20. b4
d3 21. Bxd3 Rxa3 22. Ne4 a5 23. Rhe1 f6 24. Qe3 Nxd3 25. Nc5 Ba2+ 26. Ka1 Nxe1
27. Rxd8+ Qxd8 0-1

[Event "France Jeunes Belfort 2017"]
[Site "Belfort"]
[Date "2017.04.22"]
[Round "8.3"]
[White "Yuan, Beline"]
[Black "Labrande, Eleonore"]
[Result "1/2-1/2"]
[ECO "A43"]
[WhiteElo "1845"]
[BlackElo "1635"]
[PlyCount "73"]
[EventDate "2017.??.??"]
[TimeControl "6000+515"]
[WhiteClock "0:05:26"]
[BlackClock "0:06:34"]

1. d4 g6 2. c4 Bg7 3. Nc3 c5 4. d5 Bxc3+ 5. bxc3 f5 6. Nf3 Qa5 7. Qc2 Nf6 8. e3
d6 9. Bd3 Nbd7 10. h3 Ne5 11. Be2 O-O 12. O-O Ne4 13. Bb2 Bd7 14. a4 Rab8 15.
Rfd1 Nxf3+ 16. gxf3 Nf6 17. f4 Ne4 18. Bd3 Qd8 19. Kh2 Nf6 20. Rg1 Nh5 21. Rg5
e5 22. Rag1 Kh8 23. fxe5 dxe5 24. Be2 Nf6 25. f3 e4 26. f4 Qe8 27. Ra1 h6 28.
Rg3 Nh7 29. h4 Qe7 30. Rh3 Rg8 31. Rg1 Rg7 32. Bd1 Nf6 33. Ba3 b6 34. Qd2 Ng4+
35. Kh1 h5 36. Rg2 Qf6 37. Bb2 1/2-1/2

[Event "France Jeunes Belfort 2017"]
[Site "Belfort"]
[Date "2017.04.22"]
[Round "8.4"]
[White "Bergougnoux, Axel"]
[Black "Bournel, Antoine"]
[Result "1-0"]
[ECO "B34"]
[WhiteElo "2194"]
[BlackElo "1933"]
[PlyCount "123"]
[EventDate "2017.??.??"]
[TimeControl "6000+780"]
[WhiteClock "0:03:18"]
[BlackClock "0:02:17"]

1. e4 c5 2. Nf3 Nc6 3. d4 cxd4 4. Nxd4 g6 5. Nc3 Bg7 6. Nde2 Nf6 7. g3 b5 8.
Bg2 Rb8 9. O-O O-O 10. h3 d6 11. Re1 Nd7 12. Nd5 e6 13. Ne3 Nb6 14. Rb1 Qc7 15.
b3 a5 16. f4 b4 17. f5 exf5 18. exf5 gxf5 19. Nf4 Ne5 20. Bb2 Be6 21. Qh5 Ng6
22. Bxg7 Kxg7 23. Qg5 Qc3 24. Kh2 h6 25. Nxf5+ Bxf5 26. Nh5+ Kh8 27. Qxf5 Rbc8
28. Re3 Rc5 29. Qf3 Qd4 30. Rd1 Qb2 31. Rxd6 Rxc2 32. Red3 Nc8 33. R6d4 f5 34.
Rd8 Nce7 35. Rxf8+ Nxf8 36. Rd8 Neg6 37. Qa8 Re2 38. Rxf8+ Nxf8 39. Qxf8+ Kh7
40. Qf7+ Kh8 41. Qf8+ Kh7 42. Qxf5+ Kh8 43. Qf8+ Kh7 44. Qf7+ Kh8 45. Nf4 Rxg2+
46. Nxg2 Qxa2 47. Kg1 Qd2 48. Nf4 Qe1+ 49. Kg2 Qe4+ 50. Kf2 Qd4+ 51. Kf3 Qd1+
52. Ke4 Qc2+ 53. Ke5 Qc3+ 54. Kf5 Qc2+ 55. Kg4 Qd1+ 56. Kh4 Qd8+ 57. Kg4 Qd1+
58. Kf5 Qc2+ 59. Kf6 Qc3+ 60. Kg6 Qxg3+ 61. Kxh6 Qh4+ 62. Nh5 1-0

[Event "France Jeunes Belfort 2017"]
[Site "Belfort"]
[Date "2017.04.22"]
[Round "8.4"]
[White "Cornileau, Juliette"]
[Black "Peyssonneaux, Salome"]
[Result "1-0"]
[ECO "B24"]
[WhiteElo "1482"]
[BlackElo "1428"]
[PlyCount "45"]
[EventDate "2017.??.??"]
[TimeControl "6000+720"]
[WhiteClock "0:16:52"]
[BlackClock "0:20:19"]

1. e4 c5 2. Nc3 Nc6 3. Bb5 g6 4. Bxc6 dxc6 5. d3 Bg7 6. Be3 b6 7. Qd2 Nf6 8.
Bh6 O-O 9. Bxg7 Kxg7 10. f4 e6 11. Nf3 Bd7 12. O-O Qc7 13. Ne5 Rad8 14. Qf2 Qd6
15. Kh1 Qd4 16. Qh4 h6 17. Rf3 Rh8 18. Rh3 Nh5 19. Nxg6 Rhg8 20. Ne7 Rge8 21.
Qxh5 Qf6 22. e5 Qxf4 23. Rf3 1-0

[Event "France Jeunes Belfort 2017"]
[Site "Belfort"]
[Date "2017.04.22"]
[Round "8.4"]
[White "Guerin, Juliette"]
[Black "Aubert, Laurane"]
[Result "0-1"]
[ECO "B40"]
[WhiteElo "1945"]
[BlackElo "1998"]
[PlyCount "94"]
[EventDate "2017.??.??"]
[TimeControl "6000+810"]
[WhiteClock "0:06:20"]
[BlackClock "0:03:55"]

1. e4 c5 2. Nf3 e6 3. c3 Nf6 4. e5 Nd5 5. d4 cxd4 6. cxd4 d6 7. Bc4 Nc6 8. O-O
Be7 9. Qe2 O-O 10. Qe4 Qc7 11. Bd3 f5 12. exf6 Nxf6 13. Qe2 Nb4 14. Bc4 d5 15.
Bb3 Nc6 16. Nc3 a6 17. Rd1 Bd6 18. h3 Bd7 19. Be3 Rae8 20. Rac1 Qb8 21. a3 Kh8
22. Qd3 Na5 23. Bc2 Nc4 24. Rb1 Nxe3 25. Qxe3 e5 26. dxe5 Bxe5 27. Nxe5 Rxe5
28. Qg3 Qe8 29. Rbc1 Qe7 30. f4 Re3 31. Re1 Re8 32. Rxe3 Qxe3+ 33. Qxe3 Rxe3
34. Rd1 Bc6 35. Kf2 Re8 36. Rd4 Kg8 37. Bb3 Rd8 38. g4 Kf8 39. g5 Ng8 40. Bxd5
Ne7 41. Bxc6 Rxd4 42. Bxb7 Rd2+ 43. Ke1 Rxb2 44. Bxa6 Rb3 45. Nb5 Nd5 46. f5
Rxh3 47. a4 Nb6 0-1